cohdb
Replays
Latest Replays
All Replays
Popular Replays
Top Player Replays
Match Explorer
How It Works
Community
CoH3 Stats
Reddit
Sign in to upload your games and track your stats! →
Sign in with Steam
Match 44241979
Unlisted
Match 44241979
Overview
Messages
Build Orders
End
Construct Weapon Support Center
Engineer Squad
Selects Armored Battlegroup
Selects Assault Engineers
M1919 Machine Gun Team
M1919 Machine Gun Team
Bazooka Squad
Assault Engineer Squad
Air Support Center
M3 Armored Personnel Carrier
Selects Fast Deploy
M3 Armored Personnel Carrier
Assault Engineer Squad
M3 Armored Personnel Carrier
Selects M31 Recovery Vehicle
M3 Armored Personnel Carrier
Double Sortie
P-47 Dive Bomb
Construct Motor Pool
M24 Chaffee Light Tank
Selects War Machine
Grasshopper Recon Run
M31 Recovery Vehicle
M3 Armored Personnel Carrier
Gwangju's Hero Chun Doo-gwang
freedman1984
tidi
joker
Guernord
欧阳黑奔
A Quick Workaround
L1mbo
0
0
Comments
sign in to comment!
No comments posted yet!